 Dungeon Crawl Stone Soup version 0.29-a0-43-g62a80824bf (webtiles) character file.

Game seed: 16507920878717157348

309536 HallandMoats the Bringer of Light (level 21, -9/141 HPs)
             Began as a Gargoyle Fighter on Feb 2, 2022.
             Was the Champion of the Shining One.
             Mangled by an ettin (34 damage)
             ... on level 1 of the Depths.
             The game lasted 01:05:22 (48433 turns).

HallandMoats the Bringer of Light (GrFi)           Turns: 48433, Time: 01:05:23

Health: -9/141     AC: 36    Str: 34    XL:     21   Next: 23%
Magic:  0/34       EV: 16    Int: 14    God:    the Shining One [******]
Gold:   2431       SH: 12    Dex: 14    Spells: 31/38 levels left

rFire   . . .      SeeInvis .   b - +9 broad axe (flame)
rCold   . . .      Faith    .   r - +0 kite shield {reflect}
rNeg    + + +      Spirit   +   D - +0 acid dragon scales
rPois   ∞          Reflect  +   s - +2 helmet {Int+3}
rElec   +          Harm     .   t - +2 cloak {Will+}
rCorr   +          Rampage  .   Z - +0 pair of fencer's gloves {Riposte Dex+3}
Will    +++..                   i - +0 pair of boots "Qinof" {Str+2}
Stlth   +.........              U - amulet of guardian spirit
HPRegen 0.33/turn               j - ring of Tulips {Fly Will+ Str+5}
MPRegen 0.24/turn               q - +4 ring of slaying

@: about to teleport, flying, glowing
A: sickness immunity, AC +16, big wings, negative energy resistance 1,
electricity resistance, torment resistance 1, petrification resistance
}: 2/15 runes: decaying, serpentine
a: Renounce Religion, Divine Shield, Cleansing Flame, Summon Divine Warrior,
Brand Weapon With Holy Wrath


You were on level 1 of the Depths.
You worshipped the Shining One.
The Shining One was exalted by your worship.
You visited 9 branches of the dungeon, and saw 38 of its levels.
You also visited: Sewer, Bailey and Gauntlet.

You collected 4477 gold pieces.
You spent 2046 gold pieces at shops.

Inventory:

Hand Weapons
 a - the +11 whip of the Bouncing Tales {vorpal, rN+ Int+5}
   (You found it in a sewer)

   It inflicts extra damage upon your enemies.
   Int:       It affects your intelligence (+5).
   rN:        It protects you from negative energy.
 b - a +9 broad axe of flaming (weapon)
 F - the +6 whip of Ocifoim {holy, rPois rF+ Str+3}
   (You found it on level 2 of the Snake Pit)

   It has been blessed by the Shining One to cause great damage to the undead
   and demons.
   Str:       It affects your strength (+3).
   rF:        It protects you from fire.
   rPois:     It protects you from poison.
Missiles
 R - 2 throwing nets (quivered)
Armour
 i - the +0 pair of boots "Qinof" (worn) {Str+2}
   (You bought it in a shop on level 2 of the Vaults)

   Str:       It affects your strength (+2).
 r - a +0 kite shield of reflection (worn)
 s - a +2 helmet of intelligence (worn)
 t - a +2 cloak of willpower (worn)
 D - +0 acid dragon scales (worn)
 Z - the +0 pair of fencer's gloves (worn) {Riposte Dex+3}
   (You bought it in a shop on level 3 of the Snake Pit)

   It allows the wearer to riposte with melee weapons, swiftly retaliating
   against missed attacks.
   Dex:       It affects your dexterity (+3).
Jewellery
 j - the ring of Tulips (left hand) {Fly Will+ Str+5}
   (You found it on level 2 of the Swamp)

   [ring of flight]

   Str:       It affects your strength (+5).
   Fly:       It grants you flight.
   Will:      It increases your willpower.
 q - a +4 ring of slaying (right hand)
 x - the ring "Giasydaw" {*Corrode +Blink rPois rN+ Will+}
   (You found it on level 4 of the Vaults)

   [ring of positive energy]

   rPois:     It protects you from poison.
   rN:        It protects you from negative energy.
   +Blink:    It lets you blink.
   *Corrode:  It may corrode you when you take damage.
   Will:      It increases your willpower.
 J - a ring of magical power
 Q - a ring of protection from cold
 S - a ring of protection from fire
 U - an amulet of guardian spirit (around neck)
Wands
 p - a wand of iceblast (47)
 K - a wand of digging (8)
 P - a wand of acid (19)
Scrolls
 h - 4 scrolls of identify
 m - a scroll of enchant weapon
 u - 7 scrolls of fog
 v - 6 scrolls of blinking
 w - 4 scrolls of silence
 y - 5 scrolls of fear
 E - 9 scrolls of teleportation
 I - a scroll of summoning
 L - 3 scrolls of enchant armour
 N - 2 scrolls of holy word
 T - 7 scrolls of amnesia
 W - 3 scrolls of brand weapon
 Y - 6 scrolls of magic mapping
Potions
 c - 3 potions of lignification
 d - 9 potions of might
 e - 7 potions of resistance
 f - 5 potions of brilliance
 g - 12 potions of curing
 k - 2 potions of invisibility
 l - a potion of berserk rage
 n - 7 potions of haste
 o - a potion of heal wounds
 B - 12 potions of ambrosia
 G - 2 potions of cancellation
 H - 2 potions of magic
 V - 2 potions of mutation
Miscellaneous
 X - a condenser vane


   Skills:
 + Level 18.0 Fighting
 + Level 18.1 Axes
 + Level 14.3 Armour
 + Level 11.0 Dodging
 - Level 11.4 Shields
 * Level 9.2 Spellcasting
 * Level 3.4 Transmutations
 * Level 8.5 Air Magic
 + Level 18.7 Invocations


You had 31 spell levels left.
You knew the following spells:

 Your Spells              Type           Power      Damage    Failure   Level
a - Airstrike             Air            15%        N/A       8%          4
b - Swiftness             Air            30%        N/A       2%          3

Your spell library contained the following spells:

 Spells                   Type           Power      Damage    Failure   Level
 Shock                    Conj/Air       72%        1d7       4%          1
 Corpse Rot               Necr/Air       36%        N/A       7%          2
 Poisonous Vapours        Pois/Air       36%        N/A       7%          2
 Sting                    Tmut/Pois      44%        1d5       13%         1
 Passwall                 Tmut/Erth      9%         N/A       21%         2
 Animate Skeleton         Necr           12%        N/A       26%         1
 Apportation              Tloc           12%        N/A       26%         1
 Freeze                   Ice            24%        1d5       26%         1
 Sandblast                Erth           12%        2d6       26%         1
 Slow                     Hex            24%        N/A       26%         1
 Summon Small Mammal      Summ           24%        N/A       26%         1
 Blink                    Tloc           12%        N/A       38%         2
 Ensorcelled Hibernation  Hex/Ice        12%        N/A       38%         2
 Scorch                   Fire           12%        2d5       38%         2
 Call Canine Familiar     Summ           6%         N/A       63%         3
 Confusing Touch          Hex            6%         N/A       63%         3
 Dazzling Flash           Conj/Hex       12%        N/A       63%         3
 Frozen Ramparts          Ice            12%        1d3       63%         3
 Lesser Beckoning         Tloc           6%         N/A       63%         3
 Ozocubu's Armour         Ice            6%         N/A       63%         3
 Portal Projectile        Hex/Tloc       12%        N/A       63%         3
 Stone Arrow              Conj/Erth      12%        3d7       63%         3
 Summon Guardian Golem    Hex/Summ       6%         N/A       63%         3
 Vampiric Draining        Necr           6%         2d6       63%         3
 Silence                  Hex/Air        9%         N/A       77%         5
 Blade Hands              Tmut           8%         N/A       87%         5
 Dispel Undead            Necr           6%         3d8       95%         4
 Flame Wave               Conj/Fire      6%         2d5       95%         4
 Fulminant Prism          Conj/Hex       3%         3d6       95%         4
 Hailstorm                Conj/Ice       6%         3d4       95%         4
 Olgreb's Toxic Radiance  Pois           6%         N/A       95%         4
 Passage of Golubria      Tloc           6%         N/A       95%         4
 Summon Ice Beast         Ice/Summ       6%         N/A       95%         4
 Agony                    Necr           6%         N/A       100%        5
 Excruciating Wounds      Necr           3%         N/A       100%        5
 Fireball                 Conj/Fire      3%         3d4       100%        5
 Manifold Assault         Tloc           6%         N/A       100%        5
 Metabolic Englaciation   Hex/Ice        3%         N/A       100%        5
 Summon Mana Viper        Hex/Summ       6%         N/A       100%        5
 Death Channel            Necr           3%         N/A       100%        6
 Simulacrum               Ice/Necr       3%         N/A       100%        6
 Starburst                Conj/Fire      3%         6d3       100%        6
 Summon Cactus Giant      Summ           3%         N/A       100%        6
 Enfeeble                 Hex            3%         N/A       100%        7
 Monstrous Menagerie      Summ           3%         N/A       100%        7
 Storm Form               Tmut/Air       11%        N/A       100%        7
 Ignition                 Fire           3%         3d4       100%        8
 Lehudib's Crystal Spear  Conj/Erth      3%         10d2      100%        8


Dungeon Overview and Level Annotations

Branches:
Dungeon (15/15)            Temple (1/1) D:6            Lair (6/6) D:10
  Swamp (4/4) Lair:3        Snake (4/4) Lair:2        Slime (1/5) Lair:6
    Orc (2/2) D:10            Elf (0/3) Orc:2        Vaults (4/5) D:13
  Crypt (0/3) Vaults:3     Depths (1/4) D:15          Sewer (visited)
 Bailey (visited)         Gauntlet (visited)

Altars:
Ashenzari
Cheibriados
Dithmenos
Elyvilon
Fedhas
Gozag
Hepliaklqana
Kikubaaqudgha
Makhleb
Nemelex Xobeh
Okawaru
Qazlal
Ru
Sif Muna
Trog
Uskayaw
Vehumet
Wu Jian
Xom
Yredelemnul
Zin
The Shining One
Beogh

Shops:
D:4 =   D:6 ?   D:7 (=   D:13 [=   Orc:1 !   Orc:2 *===[   Snake:3 [[=
Vaults:2 [   Vaults:3 *

Annotations:
Lair:2 1 runed translucent door, GaryGuesser's ghost, novice MiBe


Innate Abilities, Weirdness & Mutations

You are immune to sickness and miasma.
Your stone body is resilient. (AC +16)
You are immune to poison.
Your large and strong wings let you fly.
You resist negative energy. (rN+)
You are resistant to electric shocks. (rElec)
You are resistant to unholy torment.
You are immune to petrification.


Message History

A spark wasp comes into view.
You block the snapping turtle's attack.
A spriggan berserker comes into view. It is wielding a +0 rapier.
The spark wasp buzzes angrily.
Okay, then.
Okay, then.
As you read the scroll of fear, it crumbles to dust.
You assume a fearsome visage.
The spriggan berserker looks frightened!
The spriggan berserker shouts!
The stone giant looks frightened!
The ettin looks frightened!
The fire giant resists with almost no effort.
The iron dragon resists with some effort.
The snapping turtle looks frightened!
The ettin resists with some effort.
The hell knight looks frightened!
The spark wasp looks frightened!
The fire dragon looks frightened!
The spark wasp looks frightened!
The ice dragon looks frightened!
The snapping turtle changes into an eye of devastation!
A tengu warrior comes into view. It is wielding a +2 halberd of venom.
The ettin hits you with a +0 dire flail!
* * * LOW HITPOINT WARNING * * *
The ettin barely misses you. The iron dragon barely misses you.
You riposte.
You hit the iron dragon.
The iron dragon is lightly wounded.
You slice the eye of devastation!! You burn the eye of devastation!
You hit the ettin. You burn the ettin. The iron dragon completely misses you.
The iron dragon misses you.
A stone giant comes into view.
The hell knight mumbles some strange words.
The hell knight blinks!
The tengu warrior moves out of view.
Unknown command.
Unknown command.
Unknown command.
As you read the scroll of teleportation, it crumbles to dust.
You feel strangely unstable.
A spriggan berserker comes into view. It is wielding a +0 war axe.
The ettin hits you with a +0 dire flail!!
The Shining One protects you from harm!
The ettin hits you with a +0 dire flail!!
You die... .Ci

.. ..
#####C
#...D#
#....#
#CDG.#
#.@C.#
#.§.#####
#.. #. Dy
#. .


You could see an iron dragon, a fire giant, a fire dragon (fleeing), an ice
dragon (fleeing), 2 stone giants, an ettin, a spark wasp (fleeing), an eye of
devastation shaped shifter and a spriggan berserker.

Vanquished Creatures
  Mara (Swamp:4)
  the Lernaean hydra (Swamp:4)
  Xtahua (Vaults:3)
  Vashnia (Snake:2)
  Nikola (Swamp:3)
  Asterion (Snake:4)
  Jorgrun (Snake:3)
  2 acid blobs
  A sphinx (Vaults:4)
  Agnes (Snake:4)
  Kirke (Swamp:1)
  Donald (Swamp:1)
  A fenstrider witch (Swamp:1)
  5 nagarajas (Snake:4)
  5 orc warlords
  A rockslime (Lair:6)
  2 frost giants
  6 vault wardens
  6 ghouls
  12 ironbound preservers
  4 ironbound thunderhulks
  11 very ugly things
  4 eleionomae
  3 entropy weavers
  7 dire elephants
  A deep elf demonologist (Vaults:3)
  4 bunyips
  Snorg (Lair:5)
  7 yaktaur captains
  2 crystal guardians (Vaults:4)
  Josephine (D:14)
  6 vault guards
  A deep elf high priest (Vaults:3)
  19 hydras
  A salamander tyrant (Snake:4)
  4 great orbs of eyes
  19 naga warriors
  2 peacekeepers (Vaults:4)
  3 ogre magi
  2 boulder beetles
  4 ghost crabs
  Erica (Lair:2)
  2 catoblepae (Lair:6)
  9 centaur warriors
  8 two-headed ogres
  6 anacondas
  7 ironbound frosthearts
  2 tengu warriors
  2 death yaks (Lair:6)
  6 shock serpents
  9 alligators
  The ghost of gimp the Archer, a journeyman TeWn of Okawaru (D:11)
  A deep troll shaman (Lair:6)
  14 naga sharpshooters
  Urug (D:12)
  4 orc high priests (Orc:2)
  2 salamander mystics (Snake:4)
  4 goliath frogs
  7 bog bodies
  A steelbarb worm (shapeshifter) (Vaults:1)
  8 swamp dragons
  4 glowing orange brains
  3 spriggan druids
  29 deep trolls
  16 ironbound convokers
  8 naga ritualists
  8 lindwurms
  5 harpies (Vaults:1)
  16 orc knights
  Pikel (D:6)
  2 deep elf zephyrmancers (D:15)
  4 deep elf pyromancers
  5 mana vipers
  2 necromancers
  3 orc sorcerers
  11 wizards
  28 ugly things
  A wolf spider (D:15)
  4 cyclopes
  A manticore (shapeshifter) (Vaults:3)
  A will-o-the-wisp (Swamp:1)
  4 manticores
  27 elephants
  4 salamanders
  2 spectral centaurs (D:11)
  A moth of wrath (Gauntlet)
  36 black mambas
  2 guardian serpents
  16 naga magi
  19 vault sentinels
  Maurice (D:8)
  A torpor snail (Lair:6)
  A black mamba (shapeshifter) (D:15)
  4 gargoyles
  An unseen horror (D:12)
  13 cane toads
  Maggie (D:10)
  8 yaktaurs
  2 kobold demonologists (D:11)
  An efreet (D:15)
  3 rime drakes
  6 tengu conjurers
  9 komodo dragons
  2 hornets
  2 polar bears
  A queen bee (shapeshifter) (D:15)
  A queen bee (Lair:1)
  A bloated husk (Swamp:2)
  3 trolls
  A meliai (D:15)
  11 tyrant leeches
  Grinder (D:6)
  27 slime creatures
  12 blink frogs
  3 culicivoras
  A vampire (D:12)
  7 wraiths
  3 centaur simulacra
  3 spriggans (Swamp:2)
  Eustachio (D:6)
  A ynoxinul (Gauntlet)
  A wyvern (Lair:5)
  44 yaks
  4 hogs (Swamp:1)
  A hog (shapeshifter) (D:15)
  A redback (shapeshifter) (Vaults:3)
  A basilisk (Lair:6)
  2 steam dragons
  A yak (shapeshifter) (D:15)
  6 vampire mosquitoes
  7 redbacks
  3 chaos spawn (Gauntlet)
  A neqoxec (Gauntlet)
  Edmund (D:5)
  34 nagas
  14 swamp worms
  2 wargs
  3 acid dragons
  31 water moccasins
  Duvessa (D:5)
  Pargi (Sewer)
  A meliai simulacrum (D:14)
  10 swamp drakes
  33 orc warriors
  2 ice beasts
  3 sky beasts
  4 black bears
  6 ogres
  2 necrophages
  13 centaurs
  7 boggarts
  19 wolves
  A lemure (D:6)
  A phantom (D:5)
  Blork the orc (D:6)
  A kobold brigand (D:7)
  A wyvern zombie (D:6)
  4 scorpions
  A gnoll sergeant (D:11)
  15 bullfrogs
  A water moccasin skeleton (D:5)
  Dowan (D:5)
  40 killer bees
  3 howler monkeys (D:9)
  An electric eel (Lair:3)
  10 centaur zombies
  3 hounds
  33 orc priests
  Crazy Yiuf (D:4)
  3 bullfrog skeletons
  2 centaur skeletons
  A gnoll shaman (D:4)
  2 iguanas
  4 iron imps (Gauntlet)
  38 orc wizards
  11 hell rats
  A killer bee zombie (D:7)
  11 gnolls
  8 adders
  3 white imps (D:7)
  3 ufetubi
  2 adder skeletons (D:4)
  3 worms
  2 dart slugs (D:1)
  93 orcs
  9 ball pythons
  9 endoplasms
  4 giant cockroaches
  7 goblins
  13 hobgoblins
  28 kobolds
  2 quokkas (D:1)
  4 bats
  7 frilled lizards
  8 rats
  A bush (Lair:6)
1303 creatures vanquished.

Vanquished Creatures (collateral kills)
  2 nagarajas (Snake:4)
  A minotaur (Gauntlet)
  A yaktaur captain (D:15)
  2 hydras
  2 naga warriors
  A tengu warrior (D:15)
  4 death yaks (Lair:6)
  A naga sharpshooter (Snake:2)
  A salamander mystic (Snake:4)
  5 skeletal warriors (D:15)
  4 swamp dragons (Swamp:4)
  A wolf spider (D:15)
  A deep elf pyromancer (D:15)
  4 ugly things (D:15)
  A salamander (Snake:4)
  A guardian serpent (Snake:2)
  2 meliai (D:15)
  A slime creature (D:15)
  A culicivora (shapeshifter) (D:15)
  2 nagas (Snake:4)
  2 swamp drakes (Swamp:4)
40 creatures vanquished.

Vanquished Creatures (others)
  A spriggan druid (Swamp:2)
  A bog body (Swamp:2)
  A naga mage (Snake:4)
  3 bloated husks
  2 spriggans (Swamp:2)
  A naga (Snake:3)
  2 foxfires (Swamp:1)
  46 fungi
  79 plants
136 creatures vanquished.

Grand Total: 1479 creatures vanquished

Notes
Turn   | Place    | Note
-------+----------+-------------------------------------------
     0 | D:1      | HallandMoats the Gargoyle Fighter began the quest for the
                  | Orb.
     0 | D:1      | Reached XP level 1. HP: 14/14 MP: 1/1
   123 | D:1      | Reached XP level 2. HP: 16/19 MP: 2/2
   525 | D:1      | Reached skill level 1 in Invocations
   747 | D:1      | Reached XP level 3. HP: 19/23 MP: 3/3
  1077 | D:2      | Reached XP level 4. HP: 20/29 MP: 5/5
  1405 | D:2      | Found a faded altar of an unknown god.
  1660 | D:2      | Prayed at the altar of an unknown god.
  1660 | D:2      | Became a worshipper of Elyvilon the Healer
  1660 | D:2      | Reached * piety under Elyvilon
  2081 | D:3      | Found a blossoming altar of Fedhas.
  2134 | D:3      | Reached ** piety under Elyvilon
  2385 | D:3      | Reached XP level 5. HP: 31/33 MP: 6/6
  2528 | D:3      | Reached skill level 1 in Dodging
  2601 | D:4      | Found Urasunuts's One-of-a-Kind Rings.
  2775 | D:4      | Found a runed translucent door.
  2776 | D:4      | Noticed Crazy Yiuf
  2829 | D:4      | Found a shadowy altar of Dithmenos.
  3294 | D:4      | Noticed a centaur
  3306 | D:4      | Killed a centaur
  3307 | D:4      | Reached XP level 6. HP: 35/39 MP: 6/8
  3724 | D:4      | Killed Crazy Yiuf
  3768 | D:5      | Entered Level 5 of the Dungeon
  3998 | D:5      | Noticed an ice beast
  4012 | D:5      | Killed an ice beast
  4013 | D:5      | Reached skill level 5 in Fighting
  4013 | D:5      | Reached XP level 7. HP: 35/44 MP: 9/9
  4302 | D:5      | Reached *** piety under Elyvilon
  4302 | D:5      | Noticed Edmund
  4320 | D:5      | Killed Edmund
  4694 | D:5      | Reached XP level 8. HP: 51/51 MP: 11/11
  5192 | D:5      | Noticed Duvessa
  5193 | D:5      | Noticed Dowan
  5201 | D:5      | Killed Duvessa
  5207 | D:5      | Killed Dowan
  5447 | D:6      | Found Kuoque's Magic Scroll Shoppe.
  5453 | D:6      | Reached skill level 5 in Invocations
  5463 | D:6      | Bought a scroll of identify for 28 gold pieces
  5463 | D:6      | Bought a scroll of identify for 28 gold pieces
  5463 | D:6      | Bought a scroll of identify for 28 gold pieces
  5476 | D:6      | Reached skill level 5 in Shields
  5495 | D:6      | Found a shimmering blue altar of Sif Muna.
  5529 | D:6      | Found an ancient bone altar of Kikubaaqudgha.
  5535 | D:6      | Reached skill level 5 in Armour
  5554 | D:6      | Got Kikubaaqudgha's Collected Works on Black Secrets
  5561 | D:6      | Found a radiant altar of Vehumet.
  5669 | D:6      | Found a glowing drain.
  5673 | Sewer    | Entered a sewer
  5720 | Sewer    | Noticed Pargi
  5728 | Sewer    | Killed Pargi
  5880 | Sewer    | Identified the +11 whip of the Bouncing Tales {vorpal, rN+
                  | Int+5}
  5909 | D:6      | Reached **** piety under Elyvilon
  5940 | D:6      | Reached skill level 5 in Axes
  5940 | D:6      | Reached XP level 9. HP: 56/56 MP: 13/13
  6040 | D:6      | Noticed Eustachio
  6058 | D:6      | Killed Eustachio
  6177 | D:6      | Found an ornate altar of the Wu Jian Council.
  6265 | D:6      | Noticed Grinder
  6280 | D:6      | Paralysed by Grinder for 6 turns
  6289 | D:6      | Killed Grinder
  6462 | D:6      | Noticed Blork the orc
  6469 | D:6      | Killed Blork the orc
  6510 | D:6      | Found a glowing golden altar of the Shining One.
  6511 | D:6      | Found an iron altar of Okawaru.
  6543 | D:6      | Noticed Pikel
  6565 | D:6      | Killed Pikel
  6739 | D:6      | Found a staircase to the Ecumenical Temple.
  6930 | Temple   | Entered the Ecumenical Temple
  7217 | D:7      | Found Vautuy Qayst's Jewellery Shoppe.
  7220 | D:7      | Found Pasug's Weapon Shoppe.
  7512 | D:7      | Reached XP level 10. HP: 46/64 MP: 15/15
  7833 | D:7      | Reached ***** piety under Elyvilon
  8003 | D:7      | Found a stormy altar of Qazlal.
  8086 | D:6      | Fell from the grace of Elyvilon
  8086 | D:6      | Became a worshipper of the Shining One
  8086 | D:6      | Reached * piety under the Shining One
  8086 | D:6      | Reached ** piety under the Shining One
  8394 | D:8      | Noticed a white ugly thing
  8401 | D:8      | Killed a white ugly thing
  8658 | D:8      | Noticed a gargoyle
  8667 | D:8      | Killed a gargoyle
  8847 | D:8      | Noticed Maurice
  8854 | D:8      | Killed Maurice
  8862 | D:8      | Found a flagged portal.
  8883 | Bailey   | Entered a bailey
  8899 | Bailey   | Noticed an orc warlord
  8942 | Bailey   | Noticed an orc knight
  8955 | Bailey   | Killed an orc knight
  8979 | Bailey   | Found a runed translucent gate.
  8979 | Bailey   | Found a runed translucent gate.
  8979 | Bailey   | Found a runed translucent gate.
  9171 | Bailey   | Killed an orc warlord
  9172 | Bailey   | Reached XP level 11. HP: 71/71 MP: 15/17
  9204 | D:8      | Acquired a manual of Axes
 10518 | D:10     | Entered Level 10 of the Dungeon
 10551 | D:10     | Noticed Maggie
 10562 | D:10     | Killed Maggie
 10695 | D:10     | Noticed a two-headed ogre
 10702 | D:10     | Killed a two-headed ogre
 10993 | D:10     | Found a staircase to the Orcish Mines.
 11166 | D:10     | Noticed a two-headed ogre
 11174 | D:10     | Killed a two-headed ogre
 11325 | D:10     | Noticed a two-headed ogre
 11336 | D:10     | Reached *** piety under the Shining One
 11350 | D:10     | Noticed a +0 dagger
 11351 | D:10     | Found a hide-covered altar of Uskayaw.
 11351 | D:10     | Noticed a +0 hand axe
 11393 | D:10     | Reached skill level 10 in Fighting
 11670 | D:10     | Killed a two-headed ogre
 11671 | D:10     | Reached skill level 5 in Dodging
 11799 | D:10     | Found a staircase to the Lair.
 12051 | D:10     | Found a bloodstained altar of Trog.
 12171 | D:10     | Found a basalt altar of Yredelemnul.
 12314 | D:11     | Noticed a sun demon
 12321 | D:11     | Reached XP level 12. HP: 75/78 MP: 19/19
 12420 | D:11     | Noticed a two-headed ogre
 12438 | D:11     | Killed a two-headed ogre
 12449 | D:11     | Reached skill level 10 in Invocations
 12684 | D:11     | Found a runed translucent gate.
 12685 | D:11     | Found a runed translucent gate.
 12693 | D:11     | Found a runed translucent gate.
 12693 | D:11     | Noticed gimp's ghost (journeyman TeWn)
 13238 | D:11     | Killed gimp's ghost
 13253 | D:11     | Reached skill level 10 in Axes
 13406 | D:11     | Reached **** piety under the Shining One
 13423 | D:12     | Noticed a boulder beetle
 13489 | D:12     | Killed a boulder beetle
 13758 | D:12     | Noticed a two-headed ogre
 13767 | D:12     | Killed a two-headed ogre
 14423 | D:12     | Noticed Urug
 14435 | D:12     | Killed Urug
 14931 | D:13     | Reached XP level 13. HP: 55/84 MP: 21/21
 15070 | D:13     | Found Fuitz's Antique Armour Shoppe.
 15373 | D:13     | Found a gate to the Vaults.
 15716 | D:13     | Found Elesmita's Jewellery Emporium.
 15817 | D:13     | Identified the +4 spear of the Endless March {drain, rC-
                  | Str+5 Dex+3}
 15913 | D:14     | Found a gate leading to a gauntlet.
 15922 | Gauntlet | Entered a Gauntlet
 15922 | Gauntlet | Found a transporter.
 15931 | Gauntlet | Found a transporter.
 15933 | Gauntlet | Found a transporter.
 15944 | Gauntlet | Found a transporter.
 15947 | Gauntlet | Found a transporter.
 15953 | Gauntlet | Found a runed translucent gate.
 15953 | Gauntlet | Found a runed translucent gate.
 15953 | Gauntlet | Found a runed translucent gate.
 15955 | Gauntlet | Found a transporter.
 15976 | Gauntlet | Found a transporter.
 15987 | Gauntlet | Noticed a blizzard demon
 15988 | Gauntlet | Found a transporter.
 15998 | Gauntlet | Noticed a quicksilver ooze
 15999 | Gauntlet | Found a transporter.
 16018 | Gauntlet | Found a transporter.
 16032 | Gauntlet | Found a transporter.
 16032 | Gauntlet | Found a transporter.
 16082 | Gauntlet | Found a transporter.
 16098 | Gauntlet | Found a transporter.
 16245 | Gauntlet | Reached ***** piety under the Shining One
 16277 | Gauntlet | Got the Papyrus of Malediction
 16392 | Gauntlet | Identified the +0 pair of boots of the Lute {Harm Drain
                  | Str+2}
 16412 | Gauntlet | Noticed a minotaur
 16418 | Gauntlet | Killed a minotaur
 16423 | Gauntlet | Identified the +0 leather armour "Rewific" {Regen+ Dex+4}
 17327 | D:14     | Noticed Josephine
 17338 | D:14     | Killed Josephine
 17540 | D:15     | Entered Level 15 of the Dungeon
 17951 | D:15     | Found a shadowy altar of Dithmenos.
 18278 | D:15     | Gained mutation: Your large and strong wings let you fly.
                  | [Gargoyle growth]
 18278 | D:15     | Reached XP level 14. HP: 48/92 MP: 12/23
 18754 | D:15     | Noticed a frost giant
 18774 | D:15     | Killed a frost giant
 19296 | D:15     | Reached skill level 10 in Shields
 19570 | D:15     | Reached skill level 10 in Armour
 19589 | D:15     | Found a staircase to the Depths.
 19988 | Lair:1   | Entered Level 1 of the Lair of Beasts
 20930 | Lair:2   | Found a runed translucent door.
 20940 | Lair:2   | Noticed GaryGuesser's ghost (novice MiBe)
 20948 | Lair:2   | Found a staircase to the Snake Pit.
 21042 | Lair:2   | Noticed Erica
 21050 | Lair:2   | Killed Erica
 21051 | Lair:2   | Reached XP level 15. HP: 93/100 MP: 25/25
 22310 | Lair:3   | Found a staircase to the Swamp.
 23086 | Lair:4   | Identified the +3 long sword of Jimidd {drain, rElec Will++
                  | Str+3 Dex+4}
 24332 | Lair:5   | Noticed Snorg
 24347 | Lair:5   | Killed Snorg
 24446 | Lair:5   | Reached skill level 15 in Axes
 24798 | Lair:5   | Reached ****** piety under the Shining One
 25359 | Lair:6   | Entered Level 6 of the Lair of Beasts
 25422 | Lair:6   | Found a staircase to the Slime Pits.
 25518 | Lair:6   | Reached skill level 15 in Fighting
 25525 | Lair:6   | Reached XP level 16. HP: 108/108 MP: 26/26
 26043 | Lair:6   | Identified the +8 hand crossbow of Sisuybeyrr {freeze,
                  | *Corrode rElec Str-5 Dex+7}
 26835 | Lair:6   | Reached skill level 15 in Invocations
 27094 | Orc:1    | Entered Level 1 of the Orcish Mines
 27250 | Orc:2    | Entered Level 2 of the Orcish Mines
 27250 | Orc:2    | Found Qechue's Mass Market.
 27305 | Orc:2    | Found a staircase to the Elven Halls.
 27499 | Orc:2    | Found Vijergh's Jewellery Emporium.
 27499 | Orc:2    | Found Erahej's Antique Armour Emporium.
 27505 | Orc:2    | Found Ylisaenu's Jewellery Shoppe.
 27864 | Orc:2    | Found Alum's Jewellery Shoppe.
 28409 | Orc:1    | Found a shimmering blue altar of Sif Muna.
 28493 | Orc:1    | Found Nigos's Distillery.
 28501 | Orc:1    | Bought a potion of might for 64 gold pieces
 28501 | Orc:1    | Bought a potion of haste for 160 gold pieces
 28501 | Orc:1    | Bought a potion of heal wounds for 80 gold pieces
 28751 | Snake:1  | Entered Level 1 of the Snake Pit
 30434 | Snake:2  | Reached XP level 17. HP: 115/115 MP: 28/28
 30473 | Snake:2  | Noticed Vashnia
 30492 | Snake:2  | Killed Vashnia
 30931 | Snake:2  | Identified the +2 kite shield "Luptog" {-Cast +Blink rN++
                  | Int-3}
 31258 | Snake:2  | Identified the +6 whip of Ocifoim {holy, rPois rF+ Str+3}
 31398 | Snake:3  | Noticed Jorgrun
 31406 | Snake:3  | Killed Jorgrun
 31675 | Snake:3  | Found Xovelif's Jewellery Shoppe.
 31681 | Snake:3  | Found Xipynnuz's Jewellery Shoppe.
 31681 | Snake:3  | Found Nixin's Antique Armour Emporium.
 31696 | Snake:3  | Found Dazxieco's Armour Emporium.
 31697 | Snake:3  | Identified the +3 plate armour of Freedom {Drain Will+
                  | Int+4}
 31726 | Snake:3  | Reached skill level 1 in Spellcasting
 31755 | Snake:3  | Reached skill level 1 in Air Magic
 32068 | Snake:3  | Bought the +0 pair of fencer's gloves {Riposte Dex+3} for
                  | 1160 gold pieces
 32068 | Snake:3  | Found the +0 pair of fencer's gloves {Riposte Dex+3}
 32068 | Snake:3  | Bought a smoking scale mail for 261 gold pieces
 32068 | Snake:3  | Identified the +6 scale mail of the Pleiades {rC- Int+7}
                  | (You bought it in a shop on level 3 of the Snake Pit)
 32624 | Snake:4  | Entered Level 4 of the Snake Pit
 32841 | Snake:4  | Identified the +0 buckler "Zuinket" {+Inv}
 34235 | Snake:4  | Reached XP level 18. HP: 78/122 MP: 30/30
 34802 | Snake:4  | Got a serpentine rune of Zot
 35002 | Snake:4  | Noticed Asterion
 35011 | Snake:4  | Killed Asterion
 35328 | Snake:4  | Noticed Agnes
 35335 | Snake:4  | Killed Agnes
 36135 | Swamp:1  | Entered Level 1 of the Swamp
 36312 | Swamp:1  | Noticed Kirke
 36322 | Swamp:1  | Killed Kirke
 36338 | Swamp:1  | Noticed Donald
 36350 | Swamp:1  | Killed Donald
 36506 | Swamp:1  | Paralysed by a fenstrider witch for 4 turns
 37159 | Swamp:2  | Identified the +9 spear of the Heavens {protect, Str+4}
 37607 | Swamp:2  | Reached skill level 5 in Spellcasting
 37628 | Swamp:2  | Identified the ring of Tulips {Fly Will+ Str+5}
 37996 | Swamp:3  | Acquired 1125 gold pieces
 38397 | Swamp:3  | Identified the +1 pair of gloves of the Crushed Bones {rN++
                  | Str-5 Int+4 Dex+3}
 38397 | Swamp:3  | Noticed Nikola
 38419 | Swamp:3  | Killed Nikola
 38822 | Swamp:4  | Entered Level 4 of the Swamp
 38826 | Swamp:4  | Noticed Mara
 38843 | Swamp:4  | Killed Mara
 38849 | Swamp:4  | Reached skill level 5 in Air Magic
 38916 | Swamp:4  | Reached XP level 19. HP: 128/128 MP: 31/31
 39113 | Swamp:4  | Noticed the 27-headed Lernaean hydra
 39128 | Swamp:4  | Killed the 22-headed Lernaean hydra
 39133 | Swamp:4  | Reached skill level 10 in Dodging
 39402 | Swamp:4  | Got a decaying rune of Zot
 40021 | Vaults:1 | Entered Level 1 of the Vaults
 41460 | Vaults:1 | Identified the +5 arbalest of the Ecumenical Temple {elec,
                  | Int+3}
 41597 | Vaults:1 | Learned a level 4 spell: Airstrike
 41601 | Vaults:1 | Learned a level 3 spell: Swiftness
 42357 | Vaults:2 | Found Pimijema's Antique Armour Emporium.
 42368 | Vaults:2 | Reached XP level 20. HP: 95/134 MP: 22/33
 42586 | Vaults:2 | Bought a pair of masterwork boots for 237 gold pieces
 42586 | Vaults:2 | Identified the +0 pair of boots "Qinof" {Str+2} (You bought
                  | it in a shop on level 2 of the Vaults)
 44848 | Vaults:3 | Found a staircase to the Crypt.
 44848 | Vaults:3 | Found an ancient bone altar of Kikubaaqudgha.
 44849 | Vaults:3 | Found a basalt altar of Yredelemnul.
 44882 | Vaults:3 | Identified the +6 bardiche "Bimaakir" {vorpal, rC+}
 44902 | Vaults:3 | Noticed Xtahua
 44914 | Vaults:3 | Killed Xtahua
 45207 | Vaults:3 | Found Ystabbe's Assorted Antiques.
 45915 | Vaults:4 | Reached skill level 1 in Transmutations
 46312 | Vaults:4 | Identified the ring "Giasydaw" {*Corrode +Blink rPois rN+
                  | Will+}
 46914 | Vaults:4 | Reached XP level 21. HP: 119/141 MP: 27/34
 47819 | Slime:1  | Entered Level 1 of the Pits of Slime
 48407 | Depths:1 | Entered Level 1 of the Depths
 48419 | Depths:1 | Paralysed by a floating eye for 4 turns
 48427 | Depths:1 | Paralysed by a floating eye for 4 turns
 48433 | Depths:1 | The Shining One protects you from harm!
 48433 | Depths:1 | Mangled by an ettin

Illustrated notes

Levels and vault maps discovered:
D:1:      kennysheep_arrival_forest, layout_loops_cross
D:2:      layout_basic, nicolae_ecumenical_oubliette,
          minmay_misc_feat_four_crosses, grunt_ministairs_9, minmay_heptomino_d4
D:3:      layout_basic, mainiacjoe_overflow_24_doors
D:4:      layout_basic, mainiacjoe_overflow_concentric_impassable,
          serial_bayou_pond_a, roderic_roman_lattice, nicolae_shop_unique_rings,
          kennysheep_decorative_pillar, uniq_crazy_yiuf_cottage
D:5:      layout_basic, kennysheep_small_spiral, grunt_ministairs_7,
          minmay_liquid_box, corexii_checkpoint_a, uniq_edmund, uniq_duvessa
D:6:      layout_gridville, palyth_temple_overflow_mages,
          nicolae_overflow_hidden_temple, nicolae_wu_jian_wuxing_cycle,
          gup_sewer_entry_bowl, chequers_ossuary_entry_cave, serial_shops,
          shop_statue, uniq_blork_the_orc, uniq_grinder, uniq_eustachio,
          uniq_pikel
D:7:      layout_basic, nicolae_qazlal_eye_of_the_storm, serial_shops,
          nicolae_shop_bloodbath_and_beyond, shop
D:8:      layout_loops_corners, enter_bailey_2, sigmund_army, uniq_maurice
D:9:      lemuel_slime, layout_gridville
D:10:     layout_loops_ring, lemuel_zombie_altar_yredelemnul,
          dancing_weapons_uskayaw, lemuel_coloured_pillars_altar,
          grunt_lair_entry_orc_guard_hut, erik_orc_1, uniq_maggie
D:11:     layout_cave_pods, gammafunk_ghost_necromancy,
          nicolae_concentric_dashed_squares_mild
D:12:     layout_loops_ring, uniq_urug
D:13:     layout_irregular_city, david_vaults_2, serial_shops,
          nicolae_shop_temple_entry_statues_fountains,
          nicolae_shop_overgrown_old_shop
D:14:     layout_irregular_city, kennysheep_flooded_box, gauntlet_entry_generic,
          uniq_josephine
D:15:     grunt_enter_depths_magical_seal, layout_basic, grunt_dithmenos_smoke,
          minmay_pinched_square
Temple:   jpeg_temple_alley_garden
Lair:1:   layout_roguey [special_room_bee]
Lair:2:   layout_cave_pods, minmay_snake_entry_six_corridors,
          ebering_ghost_reflecting_pool, lemuel_fruit_tree, uniq_erica
Lair:3:   layout_regular_city, nicolae_swamp_entry_splash_gauntlet
Lair:4:   layout_roguey, beast_lair_carwin_9
Lair:5:   cheibrodos_lair_overgrown_chateau, layout_gridlike, uniq_snorg
Lair:6:   grunt_lair_end_beastmaster, layout_loops_ring, slime_dummy,
          grunt_megastairs_2
Swamp:1:  layout_falls_marsh, evilmike_swamp_ruin_house_3, uniq_donald,
          uniq_kirke
Swamp:2:  layout_basic_swamp, evilmike_swamp_ruin_wall, roderic_carrion_pond
Swamp:3:  layout_basic_swamp, evilmike_swamp_ruin_house_5,
          infiniplex_staircase_pool, uniq_nikola
Swamp:4:  swamp_old_school, layout_basic_swamp, uniq_mara
Snake:1:  layout_honeycomb
Snake:2:  layout_onion, uniq_vashnia
Snake:3:  layout_layer_cave, minmay_shoptagon, uniq_jorgrun
Snake:4:  snake_pit, layout_cave_town, grunt_megastairs_4, uniq_asterion,
          uniq_agnes
Slime:1:  layout_caves
Orc:1:    nicolae_orc_accident_2, layout_diamond_mine, serial_shops, shop,
          kennysheep_orc_sif_temple
Orc:2:    st_orc_mages, layout_diamond_mine, minmay_shop_mass
Vaults:1: v_rooms_1, hangedman_vaults_stretched_pinwheel,
          nicolae_vaults_yaktaur_gun_rack, hangedman_vaults_restitches,
          hangedman_vaults_trim, nicolae_vaults_rhombus_5,
          hangedman_vaults_trim, vaults_dpeg_diagonal, layout_vaults_big_room
Vaults:2: v_alt_pattern_4, vaults_standard_mumra_enter_the_diamond,
          vaults_mumra_chevron_long, nicolae_vaults_little_squares_3,
          grunt_vaults_hallway_short, vaults_mumra_hex,
          vaults_room_mumra_shop_pool, nicolae_vaults_alarming,
          vaults_room_pools, hangedman_vaults_cutoff, layout_vaults_omnibox
Vaults:3: hangedman_vaults_pinch, nicolae_vaults_windows_and_doors_thing,
          minmay_crypt_entry_necro_gods, ontoclasm_vaults_ring_small,
          nicolae_vaults_circle_grid_a, ontoclasm_vaults_chip,
          vaults_room_door_ring, nicolae_vaults_angled_halls, st_more_cells,
          v_misc_12, ontoclasm_vaults_chip, nicolae_vaults_theta,
          layout_vaults_omnigrid, serial_shops,
          nicolae_shop_competitors_out_of_business, uniq_xtahua
Vaults:4: vaults_mumra_minichess, ontoclasm_vaults_eye,
          vaults_mumra_minichess_inversion, nicolae_vaults_big_angled_halls,
          v_misc_30, ontoclasm_vaults_gateway,
          hangedman_vaults_stretched_pinwheel, vaults_room_hallway,
          dpeg_vaults_monster_row, vaults_room_door_hall, vaults_room_grid,
          v_misc_13, layout_vaults_maze
Depths:1: minmay_expanding_squares, layout_long_grid, enter_ziggurat_c,
          rand_demon_pan_entry_8, hangedman_decor_peaks_small, serial_shops,
          shop, pf_coc_iceberg, lemuel_flames_and_gold

Skill      XL: |  1  2  3  4  5  6  7  8  9 10 11 12 13 14 15 16 17 18 19 20 21 |
---------------+----------------------------------------------------------------+-----
Axes           | 2 3 4 5 6 7 9 11 12 14 15 16 17 18 | 18.1
Invocations    | 1 2 3 4 5 6 8 9 11 12 13 14 15 16 17 18 | 18.7
Fighting       | 4 5 6 7 9 10 11 12 14 15 16 17 18 | 18.0
Dodging        | 1 2 3 4 5 6 7 8 9 10 11 | 11.0
Shields        | 4 5 6 7 8 9 10 11 | 11.4
Armour         | 4 5 6 7 8 9 10 11 12 13 14 | 14.3
Spellcasting   | 3 5 7 8 9 |  9.2
Air Magic      | 2 5 6 8 |  8.5
Transmutations | 2 3 |  3.4

Action                   |  1- 3 |  4- 6 |  7- 9 | 10-12 | 13-15 | 16-18 | 19-21 || total
-------------------------+-------+-------+-------+-------+-------+-------+-------++-------
Melee: War axe           |    85 |   158 |    27 |       |       |       |       ||   270
       Flail             |       |       |    75 |       |       |       |       ||    75
       Whip              |       |       |   115 |   548 |  1137 |    28 |       ||  1828
       Broad axe         |       |       |       |       |    39 |   999 |   771 ||  1809
 Cast: Swiftness         |       |       |       |       |       |       |    10 ||    10
Invok: Divine Shield     |       |       |       |     2 |     2 |     6 |       ||    10
       Summon Divine War |       |       |       |       |     4 |     7 |     2 ||    13
       Cleansing Flame   |       |       |       |       |     2 |     2 |     3 ||     7
Evoke: Wand              |       |       |       |       |       |     2 |       ||     2
  Use: Scroll            |       |     9 |     5 |     2 |     1 |    19 |     4 ||    40
       Potion            |       |     1 |       |     1 |     2 |     7 |     4 ||    15
Armor: Scale mail        |    24 |       |       |       |       |       |       ||    24
       Plate armour      |    37 |   156 |   173 |    47 |       |       |       ||   413
       Acid dragon scale |       |       |       |   235 |   432 |   410 |   344 ||  1421
Dodge: Dodged            |    34 |    51 |    63 |   223 |   398 |   390 |   312 ||  1471
Block: Buckler           |    27 |    46 |    57 |   328 |   670 |   536 |       ||  1664
       Reflection        |       |       |       |    11 |    21 |    74 |    27 ||   133
       Kite shield       |       |       |       |       |       |    95 |   338 ||   433
       Rpst.: Broad axe  |       |       |       |       |       |    34 |    63 ||    97

Table legend: (Time is in decaauts)
 A = Elapsed time spent in this place.
 B = Non-inter-level travel time spent in this place.
 C = Inter-level travel time spent in this place.
 D = Time resting spent in this place.
 E = Time spent auto-exploring this place.
 F = Levels seen in this place.
 G = Mean time per level.
                   A        B        C        D        E       F      G
               +--------+--------+--------+--------+--------+-----+--------+
         Total |  47754 |  44680 |   3074 |   4483 |  32863 |  41 | 1164.7 |
       Dungeon |  19653 |  18077 |   1576 |   1592 |  13656 |  15 | 1310.2 |
        Temple |    232 |    177 |     55 |      0 |    172 |   1 |  232.0 |
          Lair |   7394 |   6637 |    757 |    565 |   5001 |   6 | 1232.3 |
         Swamp |   3576 |   3461 |    115 |    154 |   2683 |   4 |  894.0 |
     Snake Pit |   7201 |   6969 |    232 |   1760 |   4253 |   4 | 1800.2 |
    Slime Pits |      8 |      8 |      0 |      0 |      0 |   1 |    8.0 |
  Orcish Mines |   1460 |   1342 |    118 |      0 |   1016 |   2 |  730.0 |
        Vaults |   7171 |   6956 |    215 |    340 |   5578 |   4 | 1792.8 |
        Depths |     24 |     24 |      0 |      0 |      0 |   1 |   24.0 |
         Sewer |    215 |    215 |      0 |      0 |    168 |   1 |  215.0 |
        Bailey |    313 |    313 |      0 |      0 |    139 |   1 |  313.0 |
      Gauntlet |    503 |    503 |      0 |     71 |    197 |   1 |  503.0 |
               +--------+--------+--------+--------+--------+-----+--------+

Top non-repeatable levels by time:
 Snake:4: 2303 daAuts
 Snake:3: 2240 daAuts
    D:15: 2236 daAuts
Vaults:3: 2211 daAuts
    D:10: 1907 daAuts
Vaults:4: 1892 daAuts
  Lair:6: 1730 daAuts
    D:11: 1603 daAuts
Vaults:2: 1599 daAuts
 Snake:1: 1571 daAuts
     D:5: 1548 daAuts
Vaults:1: 1467 daAuts
  Lair:5: 1366 daAuts
     D:4: 1364 daAuts
     D:6: 1352 daAuts
